 Dungeon Crawl Stone Soup version 0.18.1-48-g4cf74bf (webtiles) character file.

3035 Gargoyl the Covered (level 9, 0/68 HPs)
             Began as a Demonspawn Abyssal Knight on Aug 5, 2016.
             Was an Elder of Lugonu.
             Killed from afar by an electric eel (9 damage)
             ... with a bolt of electricity
             ... on level 7 of the Dungeon.
             The game lasted 00:14:02 (6930 turns).

Gargoyl the Covered (Demonspawn Abyssal Knight)     Turns: 6930, Time: 00:14:02

Health: 0/68       AC: 15    Str: 16    XL:     9   Next: 56%
Magic:  11/11      EV:  4    Int: 14    God:    Lugonu [****..]
Gold:   437        SH: 18    Dex: 12    Spells: 0 memorised, 8 levels left

rFire  . . .     SeeInvis .     s - +3 hand axe (flame)
rCold  + . .     Gourm    .     G - +0 chain mail
rNeg   + . .     Faith    .     g - +0 large shield
rPois  .         Spirit   .     (no helmet)
rElec  .         Dismiss  .     (no cloak)
rCorr  .         Reflect  +     w - +2 pair of gloves
SustAt .         Harm     .     (no boots)
MR     .....                    l - +4 amulet of reflection
Stlth  ..........               (no ring)
                                j - ring of positive energy

@: not resistant to hostile enchantments, extremely unstealthy
A: yellow scales 1, cold resistance 1, freezing cloud immunity
a: Depart the Abyss, Bend Space, Banish, Corrupt, Renounce Religion


You were on level 7 of the Dungeon.
You worshipped Lugonu.
Lugonu was greatly pleased with you.
You were not hungry.

You visited 1 branch of the dungeon, and saw 7 of its levels.
You visited the Abyss 1 time.

You collected 437 gold pieces.

Inventory:

Hand Weapons
 s - a +3 hand axe of flaming (weapon)
Missiles
 B - 6 tomahawks (quivered)
Armour
 g - a +0 large shield (worn)
 w - a +2 pair of gloves (worn)
 G - a +0 chain mail (worn)
Jewellery
 j - a ring of positive energy (left hand)
 l - a +4 amulet of reflection (around neck)
Wands
 u - a wand of hasting (1/9)
 C - a wand of lightning (6/15)
 E - a wand of polymorph (6/24)
 F - a wand of slowing (29/48)
 H - a wand of lightning (13/15)
Scrolls
 f - 5 scrolls of teleportation
 i - 6 scrolls of identify
 n - a scroll of fog
 o - 7 scrolls of remove curse
 v - 2 scrolls of recharging
 y - a scroll of magic mapping
Potions
 a - 2 potions of invisibility {unknown}
 b - 3 potions of curing
 d - a potion of haste {unknown}
 e - a potion of magic {unknown}
 h - 2 potions of brilliance {unknown}
 k - a potion of heal wounds
 p - 2 potions of mutation {unknown}
 q - 2 potions of might {unknown}
 r - a potion of beneficial mutation {unknown}
 t - a potion of degeneration {unknown}
 z - a potion of cancellation {unknown}
 J - 4 potions of flight {unknown}
 K - 2 potions of agility {unknown}
Books
 A - a book of Battle

   Spells                             Type                      Level
   a - Infusion                       Charms                       1
   b - Shroud of Golubria             Charms/Translocation         2
   c - Song of Slaying                Charms                       2
   d - Spectral Weapon                Hexes/Charms                 3
   e - Regeneration                   Charms/Necromancy            3
Comestibles
 c - 2 bread rations
 m - 2 slices of pizza
 x - 4 meat rations
 D - 2 beef jerkies
 I - 3 chunks of flesh


   Skills:
 + Level 5.5 Fighting
 + Level 4.9 Axes
 + Level 1.0 Throwing
 * Level 6.9 Armour
 + Level 3.9 Dodging
 + Level 6.5 Shields
 + Level 3.0 Invocations
 + Level 0.6 Evocations


You had 8 spell levels left.
You didn't know any spells.

Dungeon Overview and Level Annotations

Branches:
Dungeon (7/15)             Temple (0/1) D:4

Altars:
Dithmenos
Okawaru
Pakellas
Qazlal
Ru

Shops:
D:4 :


Innate Abilities, Weirdness & Mutations

You are partially covered in yellow scales (AC +2).
Your flesh is cold resistant.
You are immune to freezing clouds.


Message History

You hit the electric eel. You burn the electric eel.
The electric eel is lightly wounded.
The electric eel shoots out a bolt of lightning at you!
The bolt of electricity hits you!
* * * LOW HITPOINT WARNING * * *
You miss the electric eel.
The electric eel is lightly wounded.
The electric eel shoots out a bolt of lightning at you!
The bolt of electricity hits you!
* * * LOW HITPOINT WARNING * * *
You slash the electric eel! You burn the electric eel.
The electric eel is almost dead.
The electric eel shoots out a bolt of lightning at you!
The bolt of electricity hits you!
* * * LOW HITPOINT WARNING * * *
You closely miss the electric eel.
The electric eel is almost dead.
The electric eel shoots out a bolt of lightning at you!
The bolt of electricity hits you!
You die...

#.#...#)#+##+##≈...≈# ##### #
#.....#..######≈...≈###### #
#####.#..#≈≈≈≈≈≈...≈≈≈≈≈≈# #
# #.#..#≈.....8.8.....≈# #
#.#..'...............+ #
#.#..#≈.....8.8.....≈# #
#.#..#≈≈≈≈≈≈...≈≈≈≈≈≈#.######
#....######≈...≈######.......
###.......#≈@..≈# ########
#.......#;...≈#
#.......#≈...≈#
#.......#≈≈.≈≈#
#..)....###'### #.....[<....#
#..........## ######
#..........#### #....#
#.............# #....#


You could see an electric eel.

Vanquished Creatures
  Pikel (D:7)
  Prince Ribbit (D:6)
  A two-headed ogre (D:7)
  Duvessa (D:6)
  2 ice beasts
  A sky beast (D:6)
  A necrophage (D:7)
  3 ogres
  2 phantoms (D:7)
  Blork the orc (D:5)
  A giant frog (D:7)
  Dowan (D:6)
  A wyvern skeleton (D:4)
  2 scorpions
  5 wights (D:7)
  3 killer bees (D:7)
  A centaur zombie (D:5)
  A jelly (D:5)
  2 hounds
  The ghost of Tagedieb the Sneak, a weakling VSEn (D:3)
  A centaur skeleton (D:6)
  An orc wizard (D:7)
  A giant frog skeleton (D:5)
  2 iguanas
  3 worker ants
  A hound skeleton (D:5)
  6 gnolls
  6 adders
  A shadow imp (D:6)
  3 oozes
  An adder zombie (D:7)
  5 worms
  3 dart slugs
  2 giant geckos
  7 orcs
  8 bats
  4 giant cockroaches
  12 goblins
  5 hobgoblins
  13 jackals
  A quokka (D:3)
  2 ball pythons
  A giant gecko zombie (D:5)
  7 giant newts
  7 kobolds
  7 rats
142 creatures vanquished.

Vanquished Creatures (others)
  An ogre (D:6)
  A quokka (D:6)
2 creatures vanquished.

Grand Total: 144 creatures vanquished

Notes
Turn   | Place    | Note
--------------------------------------------------------------
     0 | Abyss:1  | Gargoyl the Demonspawn Abyssal Knight began the quest for the Orb.
     0 | Abyss:1  | Reached XP level 1. HP: 18/18 MP: 2/2
    23 | Abyss:2  | Noticed a quasit
    36 | Abyss:3  | Noticed an ice devil
    52 | Abyss:3  | Noticed an iron imp
    54 | D:1      | Escaped the Abyss
    71 | D:1      | Reached skill level 1 in Dodging
   168 | D:1      | You fall through a shaft!
   291 | D:1      | Reached * piety under Lugonu
   404 | D:1      | Gained mutation: Your flesh is cold resistant. [demonic ancestry]
   404 | D:1      | Reached XP level 2. HP: 22/24 MP: 4/4
   692 | D:1      | Reached XP level 3. HP: 26/29 MP: 5/5
  1702 | D:2      | Found an oddly glowing altar of Pakellas.
  1762 | D:2      | Reached ** piety under Lugonu
  2034 | D:2      | Reached XP level 4. HP: 29/35 MP: 6/6
  2226 | D:3      | Reached skill level 1 in Shields
  2260 | D:3      | Gained mutation: You are immune to freezing clouds. [demonic ancestry]
  2260 | D:3      | Reached XP level 5. HP: 21/42 MP: 7/7
  2710 | D:3      | Found an iron altar of Okawaru.
  2745 | D:3      | Noticed Tagedieb's ghost (weakling VSEn)
  2763 | D:3      | Killed Tagedieb's ghost
  3050 | D:4      | Reached XP level 6. HP: 48/48 MP: 8/8
  3052 | D:4      | Found a sacrificial altar of Ru.
  3054 | D:4      | Found a stormy altar of Qazlal.
  3179 | D:4      | Found a shadowy altar of Dithmenos.
  3193 | D:4      | Reached *** piety under Lugonu
  3445 | D:4      | Found Efadd's Book Emporium.
  3683 | D:4      | Found a staircase to the Ecumenical Temple.
  3900 | D:5      | Entered Level 5 of the Dungeon
  4287 | D:5      | Noticed Blork the orc
  4297 | D:5      | Reached XP level 7. HP: 37/53 MP: 9/9
  4326 | D:5      | Killed Blork the orc
  4851 | D:6      | Noticed Duvessa
  4852 | D:6      | Noticed Dowan
  4865 | D:6      | Killed Duvessa
  4912 | D:6      | Killed Dowan
  4970 | D:6      | Reached skill level 5 in Armour
  5087 | D:6      | Noticed Prince Ribbit
  5098 | D:6      | Killed Prince Ribbit
  5098 | D:6      | Reached XP level 8. HP: 39/61 MP: 10/10
  5253 | D:6      | Noticed Pikel
  5303 | D:7      | Killed Pikel
  5303 | D:7      | Reached skill level 5 in Shields
  5986 | D:7      | Reached **** piety under Lugonu
  5986 | D:7      | Reached skill level 5 in Fighting
  6001 | D:7      | Gained mutation: You are partially covered in yellow scales (AC +2). [demonic ancestry]
  6001 | D:7      | Reached XP level 9. HP: 55/68 MP: 11/11
  6712 | D:7      | Reached skill level 1 in Throwing
  6930 | D:7      | Killed from afar by an electric eel

Skill      XL: |  1  2  3  4  5  6  7  8  9 |
---------------+----------------------------+-----
Dodging        | 1 2 3 |  3.9
Armour         | 2 3 4 5 6 |  6.9
Shields        | 1 2 3 4 5 6 |  6.5
Axes           | 2 3 4 |  4.9
Fighting       | 4 5 |  5.5
Invocations    | 3 |  3.0
Throwing       | 1 |  1.0
Evocations     | |  0.6

Action                   |  1- 3 |  4- 6 |  7- 9 || total
-------------------------+-------+-------+-------++-------
Melee: Hand axe          |   157 |   167 |   411 ||   735
Throw: Tomahawk          |       |       |    11 ||    11
Invok: Depart the Abyss  |     1 |       |       ||     1
       Bend Space        |       |       |     1 ||     1
Evoke: Wand              |       |       |     3 ||     3
  Use: Scroll            |     1 |       |    15 ||    16
       Potion            |       |     1 |     3 ||     4
  Eat: Chunk             |     3 |     6 |    11 ||    20
       Beef jerky        |       |     1 |       ||     1
Armor: Scale mail        |    80 |    53 |       ||   133
       Chain mail        |       |    19 |   131 ||   150
Dodge: Dodged            |    38 |    19 |    37 ||    94
Block: Large shield      |    89 |   175 |   372 ||   636
       Reflection        |       |       |     1 ||     1
